 Dungeon Crawl Stone Soup version 0.32-a0-42-ga30500b4d3 (webtiles) character file.

Game seed: 13495433473145915895

798 seren the Vexing (level 8, -3/58 HPs)
             Began as a Formicid Hexslinger on Feb 2, 2024.
             Slain by a gnoll
             ... wielding a +1 heavy halberd
             ... led by a gnoll bouda
              (4 damage)
             ... on level 6 of the Dungeon.
             The game lasted 00:18:49 (4080 turns).

seren the Vexing (Formicid Hexslinger)              Turns: 4080, Time: 00:18:49

Health: -3/58      AC:  6    Str: 14    XL:     8   Next: 13%
Magic:  12/12      EV: 14    Int: 14    God:
Gold:   160        SH:  0    Dex: 21    Spells: 5/13 levels left

rFire   + + .        b - +2 dagger (venom)
rCold   . . .        (no shield)
rNeg    . . .        o - +1 robe of Xisiewn {rF+ Dex+5 Slay+3}
rPois   .            (helmet unavailable)
rElec   .            A - +0 cloak
rCorr   .            G - +0 pair of gloves
SInv    +            F - +0 pair of boots
Will    .....        l - amulet of regeneration
Stlth   +++          p - ring of protection from fire
HPRegen 1.09/turn    (no ring)
MPRegen 0.13/turn

%: no passive effects
@: weakened
A: permanent stasis, dig shafts and tunnels, antennae 3, four strong arms
a: Dig, Shaft Self


You were on level 6 of the Dungeon.
You visited 1 branch of the dungeon, and saw 6 of its levels.

You collected 309 gold pieces.
You spent 149 gold pieces at shops.

Inventory:

Hand Weapons
 a - a +1 sling
 b - a +2 dagger of venom (weapon)
Missiles
 s - 5 javelins
 E - 8 poisoned darts
Armour
 o - the +1 robe of Xisiewn (worn) {rF+ Dex+5 Slay+3}
   (You found it on level 2 of the Dungeon)

   Dex+5:     It affects your dexterity (+5).
   Slay+3:    It affects your accuracy & damage with ranged weapons and melee
   (+3).
   rF+:       It protects you from fire.
 A - a +0 cloak (worn)
 F - a +0 pair of boots (worn)
 G - a +0 pair of gloves (worn)
 J - a +0 buckler
Jewellery
 e - a ring of wizardry
 l - an amulet of regeneration (around neck)
 p - a ring of protection from fire (left hand)
Talismans
 g - a granite talisman
Wands
 c - a wand of flame (14)
 u - a wand of polymorph (4)
 D - a wand of paralysis (14) (quivered)
Scrolls
 d - a scroll of noise {unknown}
 f - 3 scrolls of enchant armour
 j - a scroll of blinking {unknown}
 q - a scroll of fog {unknown}
 v - a scroll of enchant weapon {unknown}
 y - a scroll of acquirement {unknown}
 z - a scroll of amnesia {unknown}
 B - a scroll of poison
 C - a scroll of vulnerability {unknown}
 I - a scroll of brand weapon {unknown}
Potions
 h - 5 potions of curing
 i - a potion of cancellation {unknown}
 k - a potion of mutation {unknown}
 m - 2 potions of ambrosia
 n - 3 potions of brilliance {unknown}
 r - a potion of heal wounds {unknown}
 t - a potion of invisibility {unknown}
 w - a potion of lignification {unknown}
 x - 2 potions of magic
 H - a potion of might


   Skills:
 + Level 3.4 Fighting
 * Level 3.8 Ranged Weapons
 + Level 3.2 Dodging
 + Level 3.2 Stealth
 + Level 0.8 Shields
 + Level 3.0 Spellcasting
 + Level 5.0 Hexes
 + Level 2.9 Fire Magic
 + Level 2.8 Evocations


You had 5 spell levels left.
You knew the following spells:

 Your Spells              Type           Power      Damage    Failure   Level
a - Jinxbite              Hex            32%        N/A       4%          2
b - Sigil of Binding      Hex            16%        N/A       9%          3
c - Inner Flame           Hex/Fire       13%        N/A       12%         3

Your spell library contained the following spells:

 Spells                   Type           Power      Damage    Failure   Level
 Cause Fear               Hex            8%         N/A       26%         4
 Static Discharge         Conj/Air       4%         3-4/arc   32%         2
 Gell's Gravitas          Tloc           2%         N/A       54%         3
 Teleport Other           Tloc           2%         N/A       54%         3
 Dimensional Bullseye     Hex/Tloc       4%         N/A       58%         4
 Summon Blazeheart Golem  Fire/Summ      6%         N/A       75%         4
 Airstrike                Air            1%         2d(1-17)  91%         4
 Summon Lightning Spire   Summ/Air       2%         N/A       91%         4
 Dispersal                Tloc           1%         N/A       100%        6
 Orb of Destruction       Conj           1%         9d5       100%        7
 Spellforged Servitor     Conj/Summ      1%         N/A       100%        7


Dungeon Overview and Level Annotations

Branches:
Dungeon (6/15)
 Temple: D:4-7

Altars:

Shops:
D:5 [![

Annotations:
D:3 1 runed translucent door, Crazy Yiuf
D:4 1 transporter, exclusions: downstairs and ogre, makewrite's ghost, amateur MiMo
D:5 1 runed translucent door, Edmund; Sigmund; mopl's ghost, amateur DrEn
D:6 exclusion: yak


Innate Abilities, Weirdness & Mutations

You cannot be hasted, slowed, berserked, paralysed or teleported.
You can dig through walls and to a lower floor.
You have a pair of large antennae on your head. (SInv)
Your four strong arms can wield two-handed weapons with a shield.


Message History

The gnoll bouda is moderately wounded.
The gnoll bouda hits you with a +0 club!
* * * LOW HITPOINT WARNING * * *
You're too confused to move!
The gnoll is no longer moving quickly.
The gnoll closely misses you. The gnoll bouda misses you.
You closely miss the gnoll bouda.
The gnoll bouda is moderately wounded.
You feel less invigorated.
You feel less confused.
The gnoll is no longer moving quickly.
The gnoll bouda completely misses you. The gnoll misses you.
You completely miss the gnoll bouda.
The gnoll bouda is moderately wounded.
The gnoll bouda closely misses you.
You hit the gnoll bouda but do no damage.
The gnoll bouda is heavily wounded.
The gnoll barely misses you.
The gnoll bouda hits you with a +0 club.
* * * LOW HITPOINT WARNING * * *
You closely miss the gnoll bouda.
The gnoll bouda is heavily wounded.
The gnoll bouda gazes fiercely through you!
You feel your attacks grow feeble.
The gnoll bouda hits you with a +0 club.
* * * LOW HITPOINT WARNING * * *
The gnoll barely misses you.
You hit the gnoll bouda but do no damage.
The gnoll bouda is heavily wounded.
The gnoll bouda closely misses you.
You hit the gnoll bouda but do no damage.
The gnoll bouda looks even sicker.
The gnoll bouda is heavily wounded.
The gnoll hits you from afar with a +1 heavy halberd!!
* * * LOW HITPOINT WARNING * * *
The gnoll bouda closely misses you.
It was a potion of magic.
Magic courses through your body.
The gnoll bouda hits you with a +0 club.
* * * LOW HITPOINT WARNING * * *
The gnoll hits you from afar with a +1 heavy halberd.
You die...

#.#...######.....# #
#.##.........#.#.#
#####..#.#######.#.#.#
.......#.# #.#.#.#
.......#.# #.#.#.# .......#
#.#.#.# .......# #.#.#.#
.....#.# # #.#.#.#####
.....#.#.# #@#.#.....#
.....#...# #g#.#.....#.#
.....#...# #g#.#.......#
.....#...#######g#.......###
######.#.........#.#.#####
#.#.#.#.......#†#######
#.#.#...g...>.†........
#.#.#......##.###...... ..#
##..#####... ##....


You could see a gnoll bouda (very poisoned) and 2 gnolls.

Vanquished Creatures
  A black bear (D:6)
  Blork the orc (D:5)
  A scorpion (D:4)
  2 bombardier beetles
  2 jellies
  An orc priest (D:5)
  2 hounds (D:5)
  3 iguanas
  2 orc wizards
  4 gnolls
  8 adders
  A shadow imp (D:6)
  A white imp (D:5)
  4 dart slugs
  17 orcs
  12 endoplasms
  5 giant cockroaches
  6 goblins
  5 hobgoblins
  5 kobolds
  2 quokkas
  11 ball pythons
  13 bats
  5 frilled lizards
  7 rats
121 creatures vanquished.

Notes
Turn   | Place    | Note
-------+----------+-------------------------------------------
     0 | D:1      | seren the Formicid Hexslinger began the quest for the Orb.
     0 | D:1      | Reached XP level 1. HP: 15/15 MP: 2/2
    95 | D:1      | Reached XP level 2. HP: 18/21 MP: 3/3
   310 | D:1      | Reached XP level 3. HP: 25/26 MP: 5/5
   366 | D:1      | Learned a level 2 spell: Jinxbite
   719 | D:2      | Reached XP level 4. HP: 33/33 MP: 6/6
   727 | D:2      | Identified the +1 robe of Xisiewn {rF+ Dex+5 Slay+3}
   788 | D:2      | Reached skill level 4 in Hexes
  1093 | D:2      | Reached skill level 1 in Stealth
  1297 | D:3      | Learned a level 3 spell: Sigil of Binding
  1420 | D:3      | Reached XP level 5. HP: 38/38 MP: 7/7
  1642 | D:3      | Found a runed translucent door.
  1643 | D:3      | Noticed Crazy Yiuf
  1696 | D:3      | Found a faded altar of an unknown god.
  1823 | D:4      | Found a transporter.
  1826 | D:4      | Noticed makewrite's ghost (amateur MiMo)
  1828 | D:4      | Noticed an ogre
  1829 | D:4      | Noticed an ogre
  1862 | D:4      | Noticed an ogre
  1998 | D:4      | Learned a level 3 spell: Inner Flame
  2166 | D:4      | Reached XP level 6. HP: 30/45 MP: 9/9
  2184 | D:4      | Reached skill level 1 in Evocations
  2696 | D:5      | Entered Level 5 of the Dungeon
  2696 | D:5      | Noticed Sigmund
  2760 | D:5      | Found Noteabb's Armour Shoppe.
  2771 | D:5      | Bought a +0 pair of gloves for 45 gold pieces
  3105 | D:5      | Found Udeox's Armour Shop.
  3120 | D:5      | Reached XP level 7. HP: 51/51 MP: 10/10
  3127 | D:5      | Found Weeles's Distillery.
  3139 | D:5      | Bought a potion of degeneration for 13 gold pieces
  3139 | D:5      | Bought a potion of might for 52 gold pieces
  3139 | D:5      | Bought a potion of attraction for 39 gold pieces
  3236 | D:5      | Noticed Blork the orc
  3247 | D:5      | Killed Blork the orc
  3278 | D:5      | Noticed mopl's ghost (amateur DrEn)
  3290 | D:5      | Found a runed translucent door.
  3564 | D:5      | Noticed Edmund
  3696 | D:6      | Noticed a yak
  3758 | D:6      | Reached XP level 8. HP: 58/58 MP: 12/12
  3886 | D:6      | Reached skill level 5 in Hexes
  4079 | D:6      | HP: 1/58 [gnoll/+1 heavy halberd[a gnoll bouda] (20)]
  4080 | D:6      | Slain by a gnoll

Illustrated notes

Levels and vault maps discovered:
D:1:      dpeg_arrival_simpleton_b, layout_loops_cross
D:2:      layout_basic
D:3:      layout_basic, dilly_ecumenical_altar_fadedgnrine,
          uniq_crazy_yiuf_cottage
D:4:      layout_basic, gammafunk_ghost_smash
D:5:      layout_basic, serial_shops, nicolae_shop_hallway_stairs,
          nicolae_shop_trees, shop, hellmonk_ghost_happy_afterlife,
          minmay_misc_feat_plants, minmay_fractal_squares_diagonal_5,
          uniq_edmund, uniq_sigmund, uniq_blork_the_orc
D:6:      layout_basic, roderic_batcave, item_on_display_a, uniq_menkaure

Skill      XL: |  1  2  3  4  5  6  7  8 |
---------------+-------------------------+-----
Dodging        | 2 3 |  3.2
Hexes          | 4 5 |  5.0
Fighting       | 2 3 |  3.4
Stealth        | 1 2 3 |  3.2
Spellcasting   | 2 3 |  3.0
Fire Magic     | 2 |  2.9
Ranged Weapons | 3 |  3.8
Evocations     | 1 2 |  2.8
Shields        | |  0.8

Action                     |  1- 3 |  4- 6 |  7- 9 || total
---------------------------+-------+-------+-------++-------
  Melee: Dagger            |       |    19 |    24 ||    43
         Punch             |       |       |     1 ||     1
   Fire: Sling             |    61 |   134 |    94 ||   289
    Use: Scroll            |       |     3 |     1 ||     4
         Potion            |       |       |     2 ||     2
   Stab: Sleeping          |       |     1 |     1 ||     2
 Armour: Robe              |     6 |    24 |    59 ||    89
  Dodge: Dodged            |    13 |    55 |    59 ||   127

Table legend: (Time is in decaauts)
 A = Elapsed time spent in this place.
 B = Non-inter-level travel time spent in this place.
 C = Inter-level travel time spent in this place.
 D = Time resting spent in this place.
 E = Time spent auto-exploring this place.
 F = Levels seen in this place.
 G = Mean time per level.
                   A        B        C        D        E       F      G
               +--------+--------+--------+--------+--------+-----+--------+
         Total |   4144 |   3816 |    328 |     35 |   2437 |   6 |  690.7 |
       Dungeon |   4144 |   3816 |    328 |     35 |   2437 |   6 |  690.7 |
               +--------+--------+--------+--------+--------+-----+--------+

Top non-repeatable levels by time:
     D:4: 1220 daAuts
     D:1: 657 daAuts
     D:5: 656 daAuts
     D:3: 624 daAuts
     D:2: 593 daAuts
     D:6: 392 daAuts
